[Event "GMT Biel Chess Festival rapid"]
[Site "Biel/Bienne, Switzerland"]
[Date "2020.07.19"]
[Round "2.1"]
[White "Édouard, Romain"]
[Black "Studer, Noël"]
[Result "1-0"]
[WhiteElo "2654"]
[BlackElo "2437"]
[PlyCount "99"]
[EventDate "2020.??.??"]
[EventType "rapid"]
[TimeControl "15+5"]
[WhiteClock "0:00:07"]
[BlackClock "0:00:09"]

1. c4 e5 2. d3 Nf6 3. Nf3 Nc6 4. Nc3 d5 5. cxd5 Nxd5 6. e4 Nxc3 7. bxc3 Bc5 8.
Be2 O-O 9. Be3 Qe7 10. O-O Bb6 11. h3 h6 12. Re1 Bxe3 13. fxe3 Qc5 14. Qd2 f5 15. d4 Qe7 16. Bd3 f4 17. Bc4+ Kh7 18. Bd5 fxe3 19. Rxe3 exd4 20. cxd4 Nd8 21. Bb3 Ne6 22. e5 Nf4 23. e6 c6 24. Rae1 Rf6 25. Qc2+ Kh8 26. Qc5 Qe8 27. e7 Bxh3 28. Ne5 Be6 29. Rf3 Bxb3 30. axb3 Ne6 31. Qd6 Nf4 32. Qd7 Kg8 33. Qxb7 Rb8 34. Qxa7 Ra8 35. Qb7 Ra2 36. Qd7 Ra8 37. Qg4 Nd5 38. Rxf6 Nxf6 39. Qe6+ Kh7 40. Nxc6 Qg6 41. Ne5 Qg3 42. Qf5+ Kg8 43. Qe6+ Kh7 44. Rf1 Ra2 45. Qf5+ Kg8 46. Qc8+ Kh7 47. Qf5+ Kg8 48. Qf3 Qh4 49. Qxf6 Qxd4+ 50. Kh1 1-0

[Event "GMT Biel Chess Festival rapid"]
[Site "Biel/Bienne, Switzerland"]
[Date "2020.07.19"]
[Round "2.2"]
[White "Wojtaszek, Radoslaw"]
[Black "Anton Guijarro, David"]
[Result "1-0"]
[WhiteElo "2662"]
[BlackElo "2718"]
[PlyCount "97"]
[EventDate "2020.??.??"]
[EventType "rapid"]
[TimeControl "15+5"]
[WhiteClock "0:00:08"]
[BlackClock "0:00:24"]

1. d4 d5 2. c4 dxc4 3. e4 Nf6 4. e5 Nd5 5. Bxc4 Bf5 6. Nf3 e6 7. Nc3 Nxc3 8. bxc3 Be7 9. Bd3 Bxd3 10. Qxd3 c5 11. Rb1 b6 12. O-O Nc6 13. Qe4 Qd5 14. Qg4 Kf8 15. Bg5 cxd4 16. Bxe7+ Nxe7 17. cxd4 h6 18. Rb3 Rc8 19. Ra3 Rc7 20. h4 Kg8 21. Qf4 Nc6 22. Rd1 Kh7 23.
Nh2 Rd8 24. Rad3 Rcd7 25. Kh1 Kh8 26. Ng4 Kh7 27. Ne3 Qb5 28.
Qe4+ Kg8 29. d5 exd5 30. Nxd5 Nb8 31. a4 Qc5 32. f4 Kh8 33.
f5 Qc6 34. e6 fxe6 35. fxe6 Rd6 36. e7 Re8 37. Rf1 Nd7 38. Rdf3 Nf6 39. Nxf6 gxf6 40. Qg6 Rxe7 41. Qxh6+ Kg8 42. Rg3+ Kf7 43.
Qh8 Ke6 44. Rxf6+ Kd7 45. Rf8 Qc1+ 46. Kh2 Rd1 47. Rd8+ Ke6 48. Qg8+ Rf7 49. Qg4+ {[%emt 0:00:03]
Kd5} 1-0

[Event "GMT Biel Chess Festival rapid"]
[Site "Biel/Bienne, Switzerland"]
[Date "2020.07.19"]
[Round "2.3"]
[White "Keymer, Vincent"]
[Black "Adams, Michael"]
[Result "1-0"]
[WhiteElo "2487"]
[BlackElo "2689"]
[PlyCount "103"]
[EventDate "2020.??.??"]
[EventType "rapid"]
[TimeControl "15+5"]
[WhiteClock "0:03:28"]
[BlackClock "0:00:27"]

1. d4 Nf6 2. c4 e6 3. Nf3 d5 4. Nc3 Be7 5. Bf4 O-O 6. e3 Nbd7 7. c5 c6 8. Bd3 b6 9. b4 a5 10. a3 Ba6 11. b5 Bb7 12. cxb6 Nxb6 13. bxc6 Bxc6 14. Ne5 Bb7 15. O-O Nfd7 16. Nxd7 Qxd7 17. Qb1 Nc4 18. Bxh7+ Kh8 19. Bd3 Nxa3 20. Qd1 Kg8 21. Qh5 f5 22. g4 Qe8 23. Qxe8 Raxe8 24. gxf5 exf5 25. Na4 Bb4 26. Rfc1 Nc4 27. Nc5 Bc6 28. Na6 Ra8 29. Nxb4 axb4 30. Rab1 Ra3 31. Bxc4 dxc4 32. Rxb4 Bd5 33. Rb5 Be4 34. Bd6 Rfa8 35. Bxa3 Rxa3 36. Rc5 Bd3 37. Kg2 Kf7 38. h4 Ra6 39. Rc7+ Kg6 40. Kg3 Kh6 41. Kf4 Ra2 42. Kg3 Ra6 43. R1xc4 Bxc4 44. Rxc4 Ra1 45. d5 Rg1+ 46. Kf3 Kg6 47. Rd4 Kf7 48. d6 Ke8 49. Kf4 g6 50. d7+ Kd8 51. Ke5 Rg2 52. Ke6 1-0

[Event "GMT Biel Chess Festival rapid"]
[Site "Biel/Bienne, Switzerland"]
[Date "2020.07.19"]
[Round "2.4"]
[White "Harikrishna, Pentala"]
[Black "Naiditsch, Arkadij"]
[Result "1-0"]
[WhiteElo "2690"]
[BlackElo "2584"]
[PlyCount "77"]
[EventDate "2020.??.??"]
[EventType "rapid"]
[TimeControl "15+5"]
[WhiteClock "0:00:12"]
[BlackClock "0:00:14"]

1. e4 e5 2. Nf3 Nc6 3. Bc4 Nf6 4. d3 Bc5 5. O-O d6 6. c3 h6 7. Re1 O-O 8. h3 a5 9. a4 Be6 10. Nbd2 Bxc4 11. Nxc4 Re8 12. Be3 Bxe3 13. Nxe3 Qd7 14. Qb3 b6 15. Qb5 Rad8 16. Nc4 Na7 17. Qxd7 Rxd7 18. b4 axb4 19. cxb4 b5 20. axb5 Nxb5 21. Na5 c5 22. bxc5 dxc5 23. Rac1 Nd4 24. Nxd4 cxd4 25. Nc4 Rde7 26. Ra1 Nd7 27. Ra5 g6 28. Rb1 Kf8 29. Rb7 h5 30. Kf1 Rd8 31. Raa7 Ke8 32. Ke2 Re6 33. Rc7 Ke7 34. Na5 Kd6 35. h4 Ree8 36. Nc4+ Ke6 37. Rc6+ Ke7 38. Nxe5 f6 39. Nxd7 1-0

[Event "GMT Biel Chess Festival rapid"]
[Site "Biel/Bienne, Switzerland"]
[Date "2020.07.19"]
[Round "1.1"]
[White "Studer, Noël"]
[Black "Naiditsch, Arkadij"]
[Result "0-1"]
[WhiteElo "2437"]
[BlackElo "2584"]
[PlyCount "70"]
[EventDate "2020.??.??"]
[EventType "rapid"]
[TimeControl "15+5"]
[WhiteClock "0:01:37"]
[BlackClock "0:00:06"]

1. d4 Nf6 2. c4 e6 3. Nf3 d5 4. g3 Bb4+ 5. Bd2 Be7 6. Bg2 O-O 7. O-O c6 8. Qc2 b6 9. Bf4 Bb7 10. Ne5 Nfd7 11. Nd3 a5 12. cxd5 cxd5 13. Nc3 Nc6 14. Nb5 Rc8 15. Qb3 Ba6 16. e3 g5 17. Bd6 a4 18. Bxe7 axb3 19. Bxd8 Bxb5 20. Bxg5 Bxd3 21. Rfd1 Bc2 22. Rdc1 Na5 23. Be7 Rfe8 24. Bb4 Nb8 25. Bf1 Nbc6 26. Bc3 e5 27. dxe5 Nxe5 28. Bxa5 bxa5 29. axb3 Nf3+ 30. Kg2 Nd2 31. Bb5 Red8 32. Ba6 Be4+ 33. Kh3 Ra8 34. Bb7 Ra7 35. Rc7 d4 0-1

[Event "GMT Biel Chess Festival rapid"]
[Site "Biel/Bienne, Switzerland"]
[Date "2020.07.19"]
[Round "1.2"]
[White "Adams, Michael"]
[Black "Harikrishna, Pentala"]
[Result "0-1"]
[WhiteElo "2689"]
[BlackElo "2690"]
[PlyCount "80"]
[EventDate "2020.??.??"]
[EventType "rapid"]
[TimeControl "15+5"]
[WhiteClock "0:00:25"]
[BlackClock "0:00:25"]

1. e4 e5 2. Nf3 Nc6 3. Bb5 a6 4. Ba4 Nf6 5. O-O Be7 6. d3 b5 7. Bb3 d6 8. a4 Bd7 9. c3 b4 10. Nbd2 O-O 11. Nc4 Rb8 12. h3 h6 13. Re1 Be6 14. a5 bxc3 15. bxc3 Qc8 16. Ba2 Re8 17. Bd2 Bf8 18. Ne3 Bxa2 19. Rxa2 Qe6 20. c4 Nb4 21. Ra3 c5 22. Rb3 Rb7 23. Bxb4 Reb8 24. Nc2 Be7 25. Qd2 Nh5 26. Reb1 Bd8 27. Kh2 Nf4 28. Ne3 cxb4 29. Ra1 Qg6 30. Ra4 Kh7 31. Qb2 Bg5 32. Nxg5+ Qxg5 33. g3 Ne6 34. Raxb4 Rxb4 35. Rxb4 Rxb4 36. Qxb4 Nc5 37. Qc3 Qh5 38. Ng4 f5 39. exf5 Qxf5 40. d4 exd4 0-1

[Event "GMT Biel Chess Festival rapid"]
[Site "Biel/Bienne, Switzerland"]
[Date "2020.07.19"]
[Round "1.3"]
[White "Anton Guijarro, David"]
[Black "Keymer, Vincent"]
[Result "0-1"]
[WhiteElo "2718"]
[BlackElo "2487"]
[PlyCount "68"]
[EventDate "2020.??.??"]
[EventType "rapid"]
[TimeControl "15+5"]
[WhiteClock "0:00:23"]
[BlackClock "0:00:13"]

1. Nf3 d5 2. c4 e6 3. g3 d4 4. Bg2 c5 5. O-O Nc6 6. e3 Nf6 7. exd4 cxd4 8. d3 h6 9. Na3 Bxa3 10. bxa3 O-O 11. Bf4 Qa5 12. Rb1 Rd8 13. a4 a6 14. Qb3 e5 15. Bd2 Qc7 16. Rfe1 Nd7 17. Qa3 b6 18. a5 bxa5 19. Nh4 Rb8 20.
Rxb8 Ndxb8 21. f4 Re8 22. Qc5 Re6 23. Bd5 Nd7 24. Qa3 Re8 25.
Nf5 Nb4 26. fxe5 Nxe5 27. Nxd4 Nxd5 28. cxd5 Qb6 29. Be3 Nf3+ 30. Nxf3 Rxe3 31. Kg2 Bg4 32. Rf1 Re2+ 33. Kh1 Bxf3+ 34. Rxf3 Qb1+ 0-1

[Event "GMT Biel Chess Festival rapid"]
[Site "Biel/Bienne, Switzerland"]
[Date "2020.07.19"]
[Round "1.4"]
[White "Édouard, Romain"]
[Black "Wojtaszek, Radoslaw"]
[Result "0-1"]
[WhiteElo "2654"]
[BlackElo "2662"]
[PlyCount "88"]
[EventDate "2020.??.??"]
[EventType "rapid"]
[TimeControl "15+5"]
[WhiteClock "0:00:26"]
[BlackClock "0:00:10"]

1. c4 Nf6 2. Nc3 e5 3. Nf3 Nc6 4. d3 d5 5. cxd5 Nxd5 6. e4 Nf6 7. h3 Bc5 8. Be3 Qe7 9. Be2 O-O 10. O-O Rd8 11. Rc1 Nd4 12. Bxd4 Bxd4 13. Nxd4 Rxd4 14. Qd2 c5 15. f4 b6 16. Qe3 exf4 17. Rxf4 Be6 18. Rcf1 Rad8 19. a3 a6 20. e5 Nd5 21. Nxd5 R8xd5 22. Rxd4 Rxd4 23. Rf4 Qg5 24. Re4 Qxe3+ 25. Rxe3 Kf8 26. Kf2 Ke7 27. Bf3 g6 28. Bb7 a5 29. Ba6 Bd7 30. Bc4 b5 31. Ba2 h5 32. Ke2 Bf5 33.
Bb3 a4 34. Ba2 h4 35. Rf3 c4 36. dxc4 bxc4 37. Rc3 Bd3+ 38. Kf3 g5 39. Ke3 Re4+ 40. Kf3 Rf4+ 41. Ke3 Bf1 42. Rc2 Ke6 43. Rd2 Kxe5 44. Bb1 g4 0-1

[Event "GMT Biel Chess Festival rapid"]
[Site "Biel/Bienne, Switzerland"]
[Date "2020.07.19"]
[Round "3.1"]
[White "Studer, Noël"]
[Black "Harikrishna, Pentala"]
[Result "1/2-1/2"]
[WhiteElo "2437"]
[BlackElo "2690"]
[PlyCount "90"]
[EventDate "2020.??.??"]
[EventType "rapid"]
[TimeControl "15+5"]
[WhiteClock "0:00:14"]
[BlackClock "0:00:25"]

1. d4 d5 2. c4 dxc4 3. Nf3 Nf6 4. e3 Bg4 5. Bxc4 e6 6. h3 Bh5 7. Nc3 Be7 8. O-O Nbd7 9. Re1 O-O 10. g4 Bg6 11. Nh4 c5 12. Nxg6 hxg6 13.
Bf1 cxd4 14. Qxd4 Nc5 15. Bg2 Rb8 16. Rd1 Qc8 17. Qc4 a6 18.
Bd2 b5 19. Qf1 Rd8 20. Ne2 e5 21. Rac1 Qe6 22. b3 b4 23. Ng3 a5 24. g5 Nd5 25. Qc4 Nc3 26. Qxe6 Nxe6 27. Bxc3 Rxd1+ 28. Rxd1 bxc3 29. Rc1 Nxg5 30. Rxc3 Ne6 31. Bd5 Nc5 32. Ne4 Na6 33. Bc4 Rb6 34. Rd3 Nb8 35. Nc3 Rd6 36. Rxd6 Bxd6 37. Bd5 Na6 38. Bc4 Nb4 39. a3 Nc2 40. a4 Kf8 41. Nd5 f5 42. Bd3 Ne1 43. Be2 Nc2 44. Bd3 Nb4 45.
Nxb4 Bxb4 1/2-1/2

[Event "GMT Biel Chess Festival rapid"]
[Site "Biel/Bienne, Switzerland"]
[Date "2020.07.19"]
[Round "3.2"]
[White "Naiditsch, Arkadij"]
[Black "Keymer, Vincent"]
[Result "0-1"]
[WhiteElo "2584"]
[BlackElo "2487"]
[PlyCount "48"]
[EventDate "2020.??.??"]
[EventType "rapid"]
[TimeControl "15+5"]
[WhiteClock "0:04:40"]
[BlackClock "0:00:10"]

1. d4 d5 2. Nf3 Nf6 3. e3 Bf5 4. Nbd2 h6 5. Ne5 e6 6. g4 Bh7 7. h4 Nfd7 8. Ndf3 Nxe5 9. Nxe5 Nd7 10. Bd3 Bxd3 11. cxd3 Bd6 12. Nxd7 Qxd7 13. Bd2 O-O-O 14. h5 Rhe8 15. Bc3 f6 16. Qf3 Qb5 17. O-O-O e5 18. Qf5+ Kb8 19. Rhe1 a5 20. Kb1 a4 21. e4 a3 22. dxe5 Bb4 23. Bxb4 Qxb4 24. Re2 Rxe5 0-1

[Event "GMT Biel Chess Festival rapid"]
[Site "Biel/Bienne, Switzerland"]
[Date "2020.07.19"]
[Round "3.3"]
[White "Adams, Michael"]
[Black "Wojtaszek, Radoslaw"]
[Result "1/2-1/2"]
[WhiteElo "2689"]
[BlackElo "2662"]
[PlyCount "61"]
[EventDate "2020.??.??"]
[EventType "rapid"]
[TimeControl "15+5"]
[WhiteClock "0:04:00"]
[BlackClock "0:03:55"]

1. e4 c5 2. Nf3 d6 3. Bb5+ Nd7 4. O-O a6 5. Bxd7+ Bxd7 6. d4 cxd4 7. Qxd4 e5 8. Qd3 h6 9. Nc3 Rc8 10. Nd2 Qc7 11. Rd1 Nf6 12. Nf1 Bg4 13.
Re1 Be7 14. Ne3 Be6 15. a4 O-O 16. Bd2 Qc5 17. Red1 Bd8 18.
h3 Bb6 19. Qe2 Qc6 20. Qf3 Bxe3 21. Bxe3 Kh7 22. a5 Rfd8 23. Bb6 Rd7 24. Rd3 d5 25. exd5 Nxd5 26. Nxd5 Rxd5 27. Rc3 Qd7 28. Rxc8 Qxc8 29. Rd1 Qd7 30. Rxd5 Qxd5 31. Qxd5 1/2-1/2

[Event "GMT Biel Chess Festival rapid"]
[Site "Biel/Bienne, Switzerland"]
[Date "2020.07.19"]
[Round "3.4"]
[White "Anton Guijarro, David"]
[Black "Édouard, Romain"]
[Result "1/2-1/2"]
[WhiteElo "2718"]
[BlackElo "2654"]
[PlyCount "106"]
[EventDate "2020.??.??"]
[EventType "rapid"]
[TimeControl "15+5"]
[WhiteClock "0:00:24"]
[BlackClock "0:00:12"]

1. Nf3 c5 2. c4 Nc6 3. Nc3 Nf6 4. g3 e6 5. Bg2 d5 6. cxd5 exd5 7. d4 Be7 8. O-O O-O 9. dxc5 Bxc5 10. Na4 Be7 11. Be3 Re8 12. Rc1 Bg4 13. h3 Bh5 14. Nd4 Nxd4 15. Bxd4 Bb4 16. Bf3 Bxf3 17. exf3 b6 18. Kg2 Nd7 19. Qb3 Bc5 20. Bxc5 Nxc5 21. Nxc5 bxc5 22. Rxc5 Rb8 23. Rxd5 Rxb3 24. Rxd8 Rxd8 25. axb3 Rd2 26.
Ra1 Rxb2 27. Rxa7 g5 28. Rb7 Kg7 29. Rb6 h5 30. f4 gxf4 31.
gxf4 h4 32. f5 Kh7 33. Kf3 Kg7 34. b4 Kh7 35. b5 Kg7 36. Kg4 Rxf2 37. Rc6 Rb2 38. b6 Rb4+ 39. Kg5 Rb5 40. Rd6 Rb4 41. f6+ Kh7 42. Kf5 Rb5+ 43. Ke4 Rb3 44. Kd5 Rxh3 45. Kc6 Rc3+ 46. Kd7 Rb3 47. Kc7 h3 48. b7 h2 49. Rd1 Rc3+ 50. Kd8 Rb3 51. Kc8 Rc3+ 52. Kd8 Rb3 53. Kc8 Rc3+ 1/2-1/2

[Event "GMT Biel Chess Festival rapid"]
[Site "Biel/Bienne, Switzerland"]
[Date "????.??.??"]
[Round "4.1"]
[White "Anton Guijarro, David"]
[Black "Studer, Noël"]
[Result "0-1"]
[WhiteElo "2718"]
[BlackElo "2437"]
[PlyCount "92"]
[EventType "rapid"]
[TimeControl "15+5"]
[WhiteClock "0:00:16"]
[BlackClock "0:00:10"]

1. Nf3 d5 2. c4 e6 3. e3 Nf6 4. d4 c5 5. cxd5 exd5 6. Bb5+ Nbd7 7. dxc5 Bxc5 8. O-O O-O 9. Nc3 a6 10. Be2 Nb8 11. b3 Nc6 12. Bb2 Ba7 13.
Rc1 Re8 14. Na4 Ne4 15. Nd4 Qg5 16. f4 Qh6 17. Bf3 Qd6 18.
Re1 Bd7 19. Nxc6 bxc6 20. Be5 Rxe5 21. fxe5 Qh6 22. Qe2 Re8 23. Bxe4 dxe4 24. Nc5 Bc8 25. b4 Rxe5 26. Rcd1 Bb6 27. Rd4 Bc7 28. g3 Qg6 29. Red1 Re8 30. Qf2 h5 31. Kf1 Kh7 32. R1d2 a5 33.
a3 axb4 34. axb4 Bh3+ 35. Ke1 Bg4 36. Ra2 Bf3 37. Ra6 Be5 38.
Qd2 h4 39. Nd7 Bxd4 40. Qxd4 hxg3 41. hxg3 Qxg3+ 42. Kd2 Qf2+ 43. Kc3 Qe1+ 44. Kb3 Qb1+ 45. Ka3 Qd3+ 46. Qxd3 exd3 0-1

[Event "GMT Biel Chess Festival rapid"]
[Site "Biel/Bienne, Switzerland"]
[Date "????.??.??"]
[Round "4.3"]
[White "Wojtaszek, Radoslaw"]
[Black "Naiditsch, Arkadij"]
[Result "1-0"]
[WhiteElo "2662"]
[BlackElo "2584"]
[PlyCount "77"]
[EventType "rapid"]
[TimeControl "15+5"]
[WhiteClock "0:00:06"]
[BlackClock "0:01:15"]

1. d4 Nf6 2. c4 e6 3. g3 d5 4. Bg2 Bb4+ 5. Nd2 O-O 6. Ngf3 dxc4 7. Qc2 b5 8. a4 bxa4 9. O-O Bb7 10. Nxc4 c5 11. Rd1 cxd4 12. Rxd4 Qe7 13. Bg5 Nc6 14. Rf4 Rfd8 15. Qxa4 h6 16. Bxf6 gxf6 17. Rh4 Rac8 18. Ne3 f5 19. Rxh6 Bc5 20. Qb3 Rb8 21. Ra4 Nd4 22. Nxd4 Bxd4 23. Rb4 Qg5 24. Rh4 Bb6 25. Bxb7 Rxb7 26. Qc3 Qg7 27. Qc6 Rbd7 28. Qf3 Bd4 29. b3 Kf8 30. Kg2 a5 31. Rb5 Bc3 32. Nc4 Bf6 33. Rh5 Rd1 34. Rb7 Rb1 35. Qc6 Qg6 36. Rh3 Rdd1 37. Qc8+ Bd8 38. Ne5 Qg4 39. Nxg4 1-0

[Event "GMT Biel Chess Festival rapid"]
[Site "Biel/Bienne, Switzerland"]
[Date "????.??.??"]
[Round "4.4"]
[White "Keymer, Vincent"]
[Black "Harikrishna, Pentala"]
[Result "1/2-1/2"]
[WhiteElo "2487"]
[BlackElo "2690"]
[PlyCount "85"]
[EventType "rapid"]
[TimeControl "15+5"]
[WhiteClock "0:00:12"]
[BlackClock "0:00:12"]

1. Nf3 Nf6 2. c4 c5 3. Nc3 Nc6 4. g3 g6 5. Bg2 d6 6. O-O Bg7 7. d4 cxd4 8. Nxd4 Bd7 9. b3 Qa5 10. Bb2 Qh5 11. Nd5 Nxd5 12. cxd5 Nxd4 13. Bxd4 O-O 14. Bxg7 Kxg7 15. Qd4+ Qe5 16. Qxe5+ dxe5 17. Rac1 Rac8 18. d6 exd6 19. Bxb7 Rxc1 20. Rxc1 Be6 21. Ba6 Rd8 22. Rc7 Rd7 23. Rxd7 Bxd7 24. b4 Kf6 25. Bb7 Ke7 26. f4 exf4 27. gxf4 h6 28. h4 Kd8 29. Bd5 f6 30. Kf2 Kc7 31. Ke3 Kb6 32. Bc4 g5 33.
fxg5 fxg5 34. hxg5 hxg5 35. a3 Bc6 36. Bd3 Bb5 37. Bf5 Bc4 38.
Bd7 Bd5 39. Kd4 Bg2 40. e4 Bf3 41. e5 dxe5+ 42. Kxe5 a5 43. Kd4 1/2-1/2

[Event "GMT Biel Chess Festival rapid"]
[Site "Biel/Bienne, Switzerland"]
[Date "????.??.??"]
[Round "5.1"]
[White "Studer, Noël"]
[Black "Keymer, Vincent"]
[Result "0-1"]
[WhiteElo "2437"]
[BlackElo "2487"]
[PlyCount "112"]
[EventType "rapid"]
[TimeControl "15+5"]
[WhiteClock "0:00:21"]
[BlackClock "0:00:14"]

1. d4 Nf6 2. c4 e6 3. Nf3 d5 4. g3 Bb4+ 5. Bd2 Be7 6. Bg2 O-O 7. O-O c6 8. Qc2 Nbd7 9. Bf4 b6 10. cxd5 cxd5 11. Rc1 Bb7 12. Bc7 Qe8 13. Qb3 Ne4 14. Nc3 Rc8 15. Nb5 Ndc5 16. dxc5 bxc5 17. Be5 c4 18. Qa4 f6 19. Bd4 e5 20. Bxa7 Nd6 21. Nc3 Qxa4 22. Nxa4 Ra8 23. Bc5 Rxa4 24. Nd2 Rb8 25. b3 cxb3 26. axb3 Rxa1 27. Rxa1 Kf7 28. b4 Ra8 29. Rxa8 Bxa8 30. Nb3 Nb5 31. Kf1 Bxc5 32. Nxc5 Ke7 33. Ke1 Kd6 34. Kd2 Nd4 35. Nd3 Nc6 36. Kc3 e4 37. Nc5 d4+ 38. Kc4 f5 39. b5 d3 40. exd3 Ne5+ 41. Kd4 e3 42. Bf1 Nf3+ 43. Kxe3 Nxh2 44. Be2 Kxc5 45. d4+ Kd6 46. f3 g5 47. Bd3 Ke6 48. Bc4+ Kf6 49. Be2 h5 50. b6 Bb7 51. f4 Ng4+ 52. Kd2 gxf4 53. gxf4 h4 54. Bf1 Ke6 55. Bc4+ Kd6 56. Bd3 h3 0-1

[Event "GMT Biel Chess Festival rapid"]
[Site "Biel/Bienne, Switzerland"]
[Date "????.??.??"]
[Round "5.2"]
[White "Harikrishna, Pentala"]
[Black "Wojtaszek, Radoslaw"]
[Result "1/2-1/2"]
[WhiteElo "2690"]
[BlackElo "2662"]
[PlyCount "145"]
[EventType "rapid"]
[TimeControl "15+5"]
[WhiteClock "0:00:11"]
[BlackClock "0:00:06"]

1. d4 Nf6 2. c4 e6 3. Nf3 d5 4. Nc3 Bb4 5. Bg5 dxc4 6. Qa4+ Nc6 7. a3 Bxc3+ 8. bxc3 Qd5 9. Bxf6 gxf6 10. e3 b5 11. Qc2 a6 12. e4 Qd6 13. g3 Bb7 14. Bg2 e5 15. Rd1 Qxa3 16. O-O O-O-O 17. Ra1 Qb3 18. Qc1 b4 19. d5 Na7 20. cxb4 Nb5 21. Rb1 Qd3 22. Rd1 Qxe4 23. Nd2 Qd4 24. Ne4 Qb6 25. Nc5 Nd4 26. Qxc4 Qb5 27. Rxd4 exd4 28. Qxd4 Rd6 29. Bf1 Qe8 30. Nxb7 Kxb7 31. Rc1 Qa4 32. Ra1 Qb3 33. b5 a5 34. Rxa5 Ra8 35. Ra6 Raxa6 36. bxa6+ Ka8 37. Qe4 Ka7 38. Qe7 Qc2 39. Qxf7 Rb6 40. Qe7 Qc1 41. Kg2 h6 42. Bd3 Rd6 43. Be2 Qc5 44. Bf3 Kxa6 45. Qf8 h5 46. Qa8+ Kb6 47. Qb8+ Ka6 48. Be2+ Ka5 49. Qa8+ Kb4 50. Bf3 Rb6 51. Bxh5 Kc3 52. Qa1+ Rb2 53. Qe1+ Rd2 54. Bf3 Qd4 55. h4 f5 56. h5 f4 57. Qa1+ Rb2 58. Qc1+ Kb3 59. Qd1+ Qxd1 60. Bxd1+ Kc4 61. Bf3 fxg3 62. Kxg3 Kd4 63. Kf4 Rxf2 64. h6 Rh2 65. Kg5 Ke5 66. Bh5 Rg2+ 67. Bg4 Rh2 68. Bf3 Rh3 69. Bh5 Ra3 70. h7 Ra8 71. Kh6 Rh8 72. Kg7 Rxh7+ 73. Kxh7 1/2-1/2

[Event "GMT Biel Chess Festival rapid"]
[Site "Biel/Bienne, Switzerland"]
[Date "????.??.??"]
[Round "5.3"]
[White "Naiditsch, Arkadij"]
[Black "Édouard, Romain"]
[Result "1-0"]
[WhiteElo "2584"]
[BlackElo "2654"]
[PlyCount "51"]
[EventType "rapid"]
[TimeControl "15+5"]
[WhiteClock "0:00:33"]
[BlackClock "0:00:55"]

1. e4 e6 2. d4 d5 3. Nd2 c5 4. exd5 Qxd5 5. dxc5 Bxc5 6. Ngf3 Nf6 7. Bc4 Qc6 8. Qe2 a6 9. Nb3 Bd6 10. Nbd4 Qc7 11. Bg5 O-O 12. Bxf6 gxf6 13. O-O-O Rd8 14. Kb1 Bf8 15. h4 Nc6 16. Nxc6 Rxd1+ 17. Rxd1 bxc6 18. g4 Rb8 19. g5 fxg5 20. Nxg5 h6 21. Ne4 Bg7 22. c3 c5 23. Qe3 Bb7 24. Nxc5 Bxc3 25. Qxc3 Qxc5 26. Qg3+ 1-0

[Event "GMT Biel Chess Festival rapid"]
[Site "Biel/Bienne, Switzerland"]
[Date "????.??.??"]
[Round "5.4"]
[White "Adams, Michael"]
[Black "Anton Guijarro, David"]
[Result "1/2-1/2"]
[WhiteElo "2689"]
[BlackElo "2718"]
[PlyCount "43"]
[EventType "rapid"]
[TimeControl "15+5"]
[WhiteClock "0:05:18"]
[BlackClock "0:05:45"]

1. e4 e5 2. Nf3 Nc6 3. Bb5 a6 4. Ba4 Nf6 5. d3 Bc5 6. c3 d6 7. Bg5 Ba7 8. Nbd2 h6 9. Bh4 g5 10. Bg3 h5 11. h4 g4 12. Nh2 Bd7 13.
Nhf1 Ne7 14. Ne3 Bxa4 15. Qxa4+ Qd7 16. Qxd7+ Nxd7 17. Ke2 O-O 18. Raf1 Bxe3 19. fxe3 Kg7 20. a4 a5 21. Ra1 f6 22. Rhf1 1/2-1/2

[Event "GMT Biel Chess Festival rapid"]
[Site "Biel/Bienne, Switzerland"]
[Date "????.??.??"]
[Round "6.2"]
[White "Anton Guijarro, David"]
[Black "Naiditsch, Arkadij"]
[Result "1/2-1/2"]
[WhiteElo "2718"]
[BlackElo "2584"]
[PlyCount "48"]
[EventType "rapid"]
[TimeControl "15+5"]
[WhiteClock "0:03:31"]
[BlackClock "0:01:47"]

1. Nf3 d5 2. b3 Nf6 3. Bb2 c5 4. e3 Nc6 5. Bb5 Bd7 6. O-O e6 7. c4 dxc4 8. bxc4 Bd6 9. d3 a6 10. Ba4 Rb8 11. Nc3 O-O 12. Rb1 Qc7 13.
h3 Rfd8 14. Qe2 Nb4 15. Bxd7 Rxd7 16. Rfd1 b5 17. cxb5 axb5 18. a4 bxa4 19. Nxa4 Nfd5 20. Nc3 Nxc3 21. Bxc3 Rdd8 22. Rbc1 Qb7 23. d4 cxd4 24. Bxb4 Bxb4 1/2-1/2

[Event "GMT Biel Chess Festival rapid"]
[Site "Biel/Bienne, Switzerland"]
[Date "????.??.??"]
[Round "6.3"]
[White "Édouard, Romain"]
[Black "Harikrishna, Pentala"]
[Result "0-1"]
[WhiteElo "2654"]
[BlackElo "2690"]
[PlyCount "54"]
[EventType "rapid"]
[TimeControl "15+5"]
[WhiteClock "0:03:27"]
[BlackClock "0:03:16"]

1. d4 d5 2. c4 dxc4 3. e3 Nf6 4. Bxc4 e6 5. Nf3 a6 6. O-O c5 7. dxc5 Qxd1 8. Rxd1 Bxc5 9. Be2 O-O 10. Nbd2 Rd8 11. b3 Bd7 12. Nc4 Nc6 13. Bb2 Be8 14. Kf1 Nd5 15. Rac1 Be7 16. g3 Rac8 17. Nd4 Ncb4 18. a3 Na2 19. Rc2 b5 20. Ra1 bxc4 21. Bxc4 Nb6 22. Rxa2 Nxc4 23. bxc4 Ba4 24. Rc3 e5 25. Nf5 Bf8 26. Bc1 g6 27. Nh4 e4 0-1

[Event "GMT Biel Chess Festival rapid"]
[Site "Biel/Bienne, Switzerland"]
[Date "????.??.??"]
[Round "6.4"]
[White "Wojtaszek, Radoslaw"]
[Black "Keymer, Vincent"]
[Result "1-0"]
[WhiteElo "2662"]
[BlackElo "2487"]
[PlyCount "63"]
[EventType "rapid"]
[TimeControl "15+5"]
[WhiteClock "0:00:08"]
[BlackClock "0:04:46"]

1. c4 e6 2. Nc3 Nf6 3. e4 d5 4. cxd5 exd5 5. e5 Ne4 6. Nf3 Bf5 7. d3 Nxc3 8. bxc3 c5 9. d4 c4 10. a4 Nc6 11. Be2 Be7 12. O-O O-O 13.
Ne1 f6 14. exf6 Bxf6 15. Nc2 Qd7 16. Ne3 Be6 17. Ba3 Rfe8 18.
Ng4 Be7 19. Bxe7 Qxe7 20. Bf3 Bxg4 21. Bxg4 Qd6 22. Rb1 Rab8 23. Bf3 a6 24. Rb6 Re7 25. Qb1 Qd7 26. Qc1 Qd8 27. Qb2 Qd7 28. Qa3 Rd8 29. h3 Kf8 30. Rfb1 Na5 31. Re1 Nc6 32. Bxd5 1-0

[Event "GMT Biel Chess Festival rapid"]
[Site "Biel/Bienne, Switzerland"]
[Date "????.??.??"]
[Round "7.1"]
[White "Studer, Noël"]
[Black "Wojtaszek, Radoslaw"]
[Result "0-1"]
[WhiteElo "2437"]
[BlackElo "2662"]
[PlyCount "78"]
[EventType "rapid"]
[TimeControl "15+5"]
[WhiteClock "0:05:30"]
[BlackClock "0:00:08"]

1. d4 Nf6 2. c4 e6 3. Nf3 b6 4. g3 Bb7 5. Bg2 Bb4+ 6. Bd2 a5 7. O-O O-O 8. Bf4 Be7 9. Re1 Na6 10. Nc3 Ne4 11. Nd2 Nxc3 12. bxc3 Bxg2 13. Kxg2 d6 14. e4 Nb8 15. Rb1 Nd7 16. Qa4 Qe8 17. Qc6 Rc8 18. Rb5 Nb8 19. Qxe8 Rfxe8 20. Be3 Nd7 21. a4 g6 22. h4 h5 23. f3 Kg7 24. Bg5 Bf8 25. g4 hxg4 26. fxg4 e5 27. Nf3 Kg8 28. h5 Bg7 29. Rbb1 Re6 30.
Bd2 exd4 31. cxd4 Rce8 32. Ng5 R6e7 33. hxg6 fxg6 34. Be3 Nf6 35. c5 Nxe4 36. Rec1 dxc5 37. dxc5 Nc3 38. cxb6 Nxb1 39. bxc7 Nc3 0-1

[Event "GMT Biel Chess Festival rapid"]
[Site "Biel/Bienne, Switzerland"]
[Date "????.??.??"]
[Round "7.2"]
[White "Keymer, Vincent"]
[Black "Édouard, Romain"]
[Result "1/2-1/2"]
[WhiteElo "2487"]
[BlackElo "2654"]
[PlyCount "71"]
[EventType "rapid"]
[TimeControl "15+5"]
[WhiteClock "0:01:41"]
[BlackClock "0:00:09"]

1. Nf3 c5 2. c4 Nc6 3. Nc3 Nf6 4. g3 e6 5. Bg2 d5 6. cxd5 exd5 7. d4 Be7 8. O-O O-O 9. Be3 c4 10. Ne5 Be6 11. Nxc6 bxc6 12. b3 cxb3 13. axb3 Qb6 14. Na4 Qb5 15. Nc3 Qb4 16. Qc2 Rfb8 17. Rfb1 g6 18. Ra4 Bf5 19. Qc1 Qb7 20. Rb2 a5 21. Bf4 Rc8 22. Bg5 Ne4 23.
Nxe4 dxe4 24. Bxe7 Qxe7 25. Rba2 c5 26. d5 Rab8 27. Qc3 c4 28.
bxc4 Rb1+ 29. Bf1 Bh3 30. Ra1 Rcb8 31. Rxa5 Qd8 32. Rb5 R1xb5 33. cxb5 Bxf1 34. Kxf1 Qxd5 35. Qc6 Rxb5 36.
Qxd5 1/2-1/2